 Dungeon Crawl Stone Soup version 0.27-a0-34-gc18c9092ac (webtiles) character file.

Game seed: 14535494654739767088

31 Goblin1989 the Sneak (level 3, 0/18 HPs)
             Began as a Vine Stalker Brigand on Jan 5, 2021.
             Succumbed to an adder's poison
             ... on level 2 of the Dungeon.
             The game lasted 00:01:33 (861 turns).

Goblin1989 the Sneak (Vine Stalker Brigand)          Turns: 861, Time: 00:01:33

Health: 0/18       AC:  3    Str: 13    XL:     3   Next: 22%
Magic:  4/4        EV: 11    Int: 11    God:
Gold:   26         SH:  0    Dex: 16    Spells: 2/2 levels left

rFire    . . .     SeeInvis .   a - +2 dagger
rCold    . . .     Faith    .   (no shield)
rNeg     . . .     Spirit   +   b - +0 robe
rPois    .         Reflect  .   (no helmet)
rElec    .         Harm     .   c - +0 cloak
rCorr    .         Rampage  .   (no gloves)
Will     .....                  (no boots)
Stlth    +++.......             (no amulet)
HPRegen  0.06/turn              (no ring)
MPRegen  0.09/turn              (no ring)

@: lethally poisoned (0 -> -5)
A: fangs 2, magic shield, antimagic bite, no potion heal 3
a: no special abilities


You were on level 2 of the Dungeon.
You visited 1 branch of the dungeon, and saw 2 of its levels.

You collected 26 gold pieces.

Inventory:

Hand Weapons
 a - a +2 dagger (weapon)
Missiles
 d - 8 poisoned darts (quivered)
 e - 2 curare-tipped darts
Armour
 b - a +0 robe (worn)
 c - a +0 cloak (worn)
Scrolls
 f - 3 scrolls of fear {unknown}
 g - 2 scrolls of teleportation {unknown}
 h - 2 scrolls of identify {unknown}
 j - a scroll of remove curse {unknown}


   Skills:
 - Level 1.7 Fighting
 * Level 2.8 Short Blades
 - Level 1.7 Throwing
 - Level 0.7 Dodging
 + Level 5.3 Stealth


You had 2 spell levels left.
You didn't know any spells.
Your spell library was empty.

Dungeon Overview and Level Annotations

Branches:
Dungeon (2/15)

Altars:
Cheibriados


Innate Abilities, Weirdness & Mutations

You have extremely sharp teeth.
When hurt, damage is shared between your health and your magic reserves.
Your bite disrupts and absorbs the magic of your enemies.
Potions cannot restore your health.


Message History

The helpless kobold fails to defend itself.
You impale the kobold!!
You kill the kobold!
An adder comes into view.
Things that are here:
a +0 whip; 3 stones {@Q3}; a kobold corpse The rat bites you but does no damage.
You hit the rat.
You kill the rat!
The adder barely misses you.
You closely miss the adder. You bite the adder. You drain its power.
The adder is lightly wounded.
The adder closely misses you.
You closely miss the adder. You bite the adder. You drain its power.
The adder is lightly wounded.
The adder bites you but does no damage.
You miss the adder. You bite the adder. You drain its power.
The adder is heavily wounded.
The adder bites you.
You are poisoned.
The adder poisons you!
You take 4 damage, and have 11/15 hp.
MASSIVE DAMAGE!!
You now have 2/3 mp.
You barely miss the adder.
The adder is heavily wounded.
You feel sick. The adder bites you. The adder closely misses you.
You take 2 damage, and have 9/15 hp.
You now have 1/3 mp.
You are too injured to fight recklessly!
You are too injured to fight recklessly!
You are too injured to fight recklessly!
You are too injured to fight recklessly!
You are too injured to fight recklessly!
You are too injured to fight recklessly!
You are too injured to fight recklessly!
You are too injured to fight recklessly!
You are too injured to fight recklessly!
You are too injured to fight recklessly!
You are too injured to fight recklessly!
You are too injured to fight recklessly!
You are too injured to fight recklessly!
You are too injured to fight recklessly!
You are too injured to fight recklessly!
You are too injured to fight recklessly!
You are too injured to fight recklessly!
You are too injured to fight recklessly!
You are too injured to fight recklessly!
You are too injured to fight recklessly!
Unknown command.
You closely miss the adder. Your bite misses the adder.
The adder is heavily wounded.
The adder bites you but does no damage.
You hit the adder.
The adder is severely wounded.
The adder bites you but does no damage.
You barely miss the adder. Your bite misses the adder.
The adder is severely wounded.
The adder bites you.
* * * LOW HITPOINT WARNING * * *
You take 4 damage, and have 6/15 hp.
MASSIVE DAMAGE!!
You now have 0/3 mp.
You miss the adder. You bite the adder, but do no damage.
The adder is severely wounded.
You feel sick. The adder closely misses you.
You take 1 damage, and have 5/15 hp.
You miss the adder. Your bite misses the adder.
The adder is severely wounded.
The adder bites you.
* * * LOW HITPOINT WARNING * * *
You are lethally poisoned!
The adder poisons you!
You take 1 damage, and have 4/15 hp.
You hit the adder.
You kill the adder!
You have reached level 3!
Your experience leads to an increase in your attributes!
Increase (s)trength, (i)ntelligence, or (d)exterity?
You feel agile.
Unknown command.
Unknown command.
It was a potion of heal wounds.
That seemed strangely inert.
* * * LOW HITPOINT WARNING * * *
You feel sick.
You take 1 damage, and have 4/18 hp.
Okay, then.
Drop what? 10/52 slots (_ for help) (? for menu, Esc to quit)
You drop a potion of heal wounds {@q2}.
* * * LOW HITPOINT WARNING * * *
You feel sick.
You take 1 damage, and have 3/18 hp.
A frilled lizard and a quokka come into view.
* * * LOW HITPOINT WARNING * * *
You feel sick. The quokka closely misses you.
You take 1 damage, and have 2/18 hp.
You miss the quokka. Your bite misses the quokka. The quokka bites you.
* * * LOW HITPOINT WARNING * * *
You take 1 damage, and have 1/18 hp.
You hit the quokka but do no damage. The quokka barely misses you.
Unknown command.
You miss the quokka. You bite the quokka. You drain its power.
You feel invigorated.
The quokka is almost dead.
You die...

..
███.██████
█........ █
█.█.....██.█
.l........
█.█.....█
█r█.....█ █
█@██!██.██.█
█....).....█
███████.████
█▲█ █.█ █.█
█.█ █.█ █.█
██████.█ █<█
█...█... █.█
█.█...>. █.█
█...█...


You could see a quokka and a frilled lizard (asleep).

Vanquished Creatures
  An adder (D:2)
  A dart slug (D:1)
  6 bats (D:1)
  A giant cockroach (D:1)
  A goblin (D:1)
  4 hobgoblins (D:1)
  2 kobolds
  A ball python (D:1)
  2 rats
19 creatures vanquished.

Notes
Turn   | Place    | Note
-------+----------+-------------------------------------------
     0 | D:1      | Goblin1989 the Vine Stalker Brigand began the quest for the
                  | Orb.
     0 | D:1      | Reached XP level 1. HP: 11/11 MP: 2/2
   135 | D:1      | Reached skill level 5 in Stealth
   141 | D:1      | Reached XP level 2. HP: 13/15 MP: 3/3
   810 | D:2      | Found a snail-covered altar of Cheibriados.
   854 | D:2      | Reached XP level 3. HP: 5/18 MP: 0/4
   861 | D:2      | Succumbed to an adder's poison

Illustrated notes

Levels and vault maps discovered:
D:1:      dpeg_arrival_triangle_fractal, layout_basic, grunt_decor_arrowhead,
          minmay_cupped
D:2:      layout_loops_corners, zin_treasury, cheibriados_altar_1

Skill      XL: |  1 |
---------------+----+-----
Short Blades   | 2 |  2.8
Stealth        | 5 |  5.3
Fighting       | |  1.7
Throwing       | |  1.7
Dodging        | |  0.7

Action                   || total
-------------------------++-------
Melee: Dagger            ||    58
       Bite              ||    21
  Use: Potion            ||     1
 Stab: Sleeping          ||     5
Armor: Robe              ||    18
Dodge: Dodged            ||    34

Table legend: (Time is in decaauts)
 A = Elapsed time spent in this place.
 B = Non-inter-level travel time spent in this place.
 C = Inter-level travel time spent in this place.
 D = Time resting spent in this place.
 E = Time spent auto-exploring this place.
 F = Levels seen in this place.
 G = Mean time per level.
                   A        B        C        D        E       F      G
               +--------+--------+--------+--------+--------+-----+--------+
         Total |    854 |    800 |     54 |      0 |    688 |   2 |  427.0 |
       Dungeon |    854 |    800 |     54 |      0 |    688 |   2 |  427.0 |
               +--------+--------+--------+--------+--------+-----+--------+

Top non-repeatable levels by time:
     D:1: 781 daAuts
     D:2: 73 daAuts
